 Seeded DCSS version 0.30.1-4-g462c640d31 (webtiles) character file.

Game seed: 15660985446129201502 (custom seed)

72 AccursedSamuel the Slasher (level 4, -1/26 HPs)
             Began as a Tengu Monk on Sept 13, 2023.
             Was a Believer of Hepliaklqana.
             Slain by Crazy Yiuf
             ... wielding a +3 quarterstaff of chaos
              (9 damage)
             ... on level 2 of the Dungeon.
             The game lasted 00:03:35 (1004 turns).

AccursedSamuel the Slasher (Tengu Monk)             Turns: 1004, Time: 00:03:36

Health: -1/26      AC:  2    Str: 11    XL:     4   Next: 26%
Magic:  5/5        EV: 14    Int: 14    God:    Hepliaklqana [**....]
Gold:   71         SH:  0    Dex: 19    Spells: 3/3 levels left

rFire   . . .        a - +0 falchion
rCold   . . .        (no shield)
rNeg    . . .        b - +0 robe
rPois   .            (helmet restricted)
rElec   .            (no cloak)
rCorr   .            (no gloves)
SInv    .            (boots unavailable)
Will    .....        e - amulet of Suideig {Acrobat Int+4 Stlth+}
Stlth   +++          (no ring)
HPRegen 0.24/turn    (no ring)
MPRegen 0.09/turn

%: acrobat
@: hasted, very quick
A: reduced essence, beak, talons 3
a: Renounce Religion, Ancestor Life: Knight, Ancestor Life: Battlemage, Ancestor
Life: Hexer, Recall Ancestor, Ancestor Identity


You were on level 2 of the Dungeon.
You worshipped Hepliaklqana.
Hepliaklqana was pleased with you.
You visited 1 branch of the dungeon, and saw 2 of its levels.

You collected 71 gold pieces.

Inventory:

Hand Weapons
 a - a +0 falchion (weapon)
Armour
 b - a +0 robe (worn)
 d - an orb of light
Jewellery
 e - the amulet of Suideig (around neck) {Acrobat Int+4 Stlth+}
   (You acquired it on level 1 of the Dungeon)

   [amulet of the acrobat]

   It increases your evasion while moving and waiting.
   Int:       It affects your intelligence (+4).
   Stlth:     It makes you more stealthy.
 k - a +4 ring of protection
Scrolls
 f - a scroll of identify {unknown}
 h - a scroll of teleportation {unknown}
 l - a scroll of enchant armour {unknown}
 m - a scroll of noise {unknown}
 o - a scroll of immolation {unknown}
Potions
 c - a potion of ambrosia
 g - a potion of heal wounds {unknown}
 i - a potion of flight {unknown}
 j - 2 potions of magic {unknown}
 n - a potion of degeneration {unknown}
 p - a potion of attraction {unknown}


   Skills:
 + Level 3.6 Fighting
 + Level 4.2 Long Blades
 + Level 4.0 Dodging
 + Level 0.6 Stealth


You had 3 spell levels left.
You didn't know any spells.
Your spell library contained the following spells:

 Spells                   Type           Power      Damage    Failure   Level
 Cigotuvi's Dreadful Rot  Necr/Pois/Air  0%         N/A       41%         2
 Dispel Undead            Necr           0%         3d6       96%         4
 Death Channel            Necr           0%         N/A       100%        6


Dungeon Overview and Level Annotations

Branches:
Dungeon (2/15)

Altars:
Hepliaklqana

Annotations:
D:2 Crazy Yiuf


Innate Abilities, Weirdness & Mutations

Your life essence is reduced to manifest your ancestor. (-10% HP)
You have a beak for a mouth.
You have claws for feet.


Message History

You enter the shallow water.
Moving in this stuff is going to be slow.
You now have 71 gold pieces (gained 8).
You enter the shallow water.
Moving in this stuff is going to be slow.
You enter the shallow water.
Moving in this stuff is going to be slow.
You enter the shallow water.
Moving in this stuff is going to be slow.
There is an open gate here.
You open the door.
There is an open door here.
Found a stone staircase leading down.
You swap places.
There is an open door here.
You swap places.
Could not explore, unopened runed door.
You open the door.
Crazy Yiuf shouts!
Crazy Yiuf whimpers, "Papa chair song!"
Crazy Yiuf waves his quarterstaff at you.
There is an open translucent door here.
You barely miss Crazy Yiuf. Your kick misses Crazy Yiuf.
Crazy Yiuf hits you with a +3 quarterstaff of chaos!
Ouch! That really hurt!
You resist with significant effort.
You barely miss Crazy Yiuf. You peck Crazy Yiuf, but do no damage.
Crazy Yiuf hits you with a +3 quarterstaff of chaos.
* * * LOW HITPOINT WARNING * * *
You feel yourself speed up.
You hit Crazy Yiuf. You claw Crazy Yiuf. You peck Crazy Yiuf, but do no damage.
Crazy Yiuf is moderately wounded.
Crazy Yiuf barely misses you.
You hit Crazy Yiuf but do no damage. You claw Crazy Yiuf.
Crazy Yiuf is heavily wounded.
Crazy Yiuf barely misses you.
You closely miss Crazy Yiuf. You claw Crazy Yiuf!
Crazy Yiuf is almost dead.
Crazy Yiuf hits you with a +3 quarterstaff of chaos!
You die...

######.###.##..........####
...........##.............##
...................######..#
.........)########## ##.#
###..#.##[# #.# ....>..##.#
#.## .########.# ####
####..# .# ### #)..###
##.....# .#
#..g@R####......# ##
#...##..#R.....## ####
###.#....## ########


You could see the friendly Hamal the ancestor and Crazy Yiuf (ally target).

Vanquished Creatures
  Jessica (D:2)
  An adder (D:2)
  A dart slug (D:2)
  4 endoplasms (D:2)
  2 giant cockroaches (D:2)
  4 goblins
  2 hobgoblins
  3 kobolds
  4 quokkas
  2 ball pythons
  A bat (D:1)
  4 frilled lizards (D:2)
  5 rats
  A spectral kobold (D:2)
35 creatures vanquished.

Notes
Turn   | Place    | Note
-------+----------+-------------------------------------------
     0 | D:1      | AccursedSamuel the Tengu Monk began the quest for the Orb.
     0 | D:1      | Reached XP level 1. HP: 14/14 MP: 2/2
    69 | D:1      | Reached XP level 2. HP: 19/19 MP: 3/3
   134 | D:1      | Identified a scroll of acquirement
   134 | D:1      | Acquired the amulet of Suideig {Acrobat Int+4 Stlth+}
   519 | D:2      | Noticed Jessica
   525 | D:2      | Killed Jessica
   526 | D:2      | Reached XP level 3. HP: 17/23 MP: 4/4
   690 | D:2      | Reached XP level 4. HP: 20/28 MP: 5/5
   779 | D:2      | Found a faded altar of an unknown god.
   788 | D:2      | Prayed at the altar of an unknown god.
   788 | D:2      | Became a worshipper of Hepliaklqana the Forgotten
   788 | D:2      | Reached * piety under Hepliaklqana
   788 | D:2      | Reached ** piety under Hepliaklqana
   827 | D:2      | Found a runed translucent door.
   828 | D:2      | Noticed Crazy Yiuf
  1004 | D:2      | Slain by Crazy Yiuf

Illustrated notes

Levels and vault maps discovered:
D:1:      minmay_arrival_pointy, layout_loops_ring, minmay_gold_behind_fungi
D:2:      layout_basic, dreamdust_ecumenical_altar_drowned_temple,
          hangedman_decor_clover_reticule, fountainhead,
          uniq_crazy_yiuf_cottage, uniq_jessica

Skill      XL: |  1  2  3 |
---------------+----------+-----
Long Blades    | 4 |  4.2
Dodging        | 4 |  4.0
Fighting       | |  3.6
Stealth        | |  0.6

Action                     |  1- 3 |  4- 6 || total
---------------------------+-------+-------++-------
  Melee: Falchion          |    45 |    15 ||    60
         Kick              |     4 |     5 ||     9
         Peck              |     6 |     5 ||    11
         Punch             |     2 |       ||     2
 Invoke: Ancestor Identity |       |     1 ||     1
    Use: Scroll            |     1 |       ||     1
   Stab: Sleeping          |     3 |     1 ||     4
 Armour: Robe              |     3 |     1 ||     4
  Dodge: Dodged            |    36 |    11 ||    47
